 Dungeon Crawl Stone Soup version 0.22-a0-247-gbddf880 (webtiles) character file.

63 MatthieuS the Skirmisher (level 3, -1/29 HPs)
             Began as a Demonspawn Berserker on Feb 25, 2018.
             Was a Believer of Trog.
             Succumbed to Sigmund's poison
             ... on level 2 of the Dungeon.
             The game lasted 00:04:54 (1692 turns).

MatthieuS the Skirmisher (Demonspawn Berserker)     Turns: 1692, Time: 00:04:55

Health: -1/29      AC:  2    Str: 18    XL:     3   Next: 87%
Magic:  1/3        EV: 12    Int:  8    God:    Trog [**....]
Gold:   24         SH:  0    Dex: 12    Spells: 2/2 levels left

rFire    + . .     SeeInvis .   a - +0 falchion
rCold    . . .     Gourm    .   (no shield)
rNeg     . . .     Faith    .   b - +0 animal skin
rPois    .         Spirit   +   (no helmet)
rElec    .         Reflect  .   i - scarf {Spirit}
rCorr    .         Harm     .   (no gloves)
MR       .....                  (no boots)
Stlth    +.........             (no amulet)
HPRegen  0.09/turn              (no ring)
MPRegen  0.08/turn              (no ring)

@: confused, lethally poisoned (-1 -> -28)
A: fire resistance 1
a: Berserk, Trog's Hand, Renounce Religion


You were on level 2 of the Dungeon.
You worshipped Trog.
Trog was pleased with you.
You were not hungry.

You visited 1 branch of the dungeon, and saw 2 of its levels.

You collected 24 gold pieces.

Inventory:

Hand Weapons
 a - a +0 falchion (weapon)
Armour
 b - a +0 animal skin (worn)
 i - a scarf of spirit shield (worn)
Scrolls
 d - a scroll of enchant weapon {unknown}
 e - a scroll of immolation {unknown}
 g - a scroll of remove curse {unknown}
 h - 2 scrolls of identify
Potions
 j - 2 potions of haste
Comestibles
 c - a ration
 f - 3 chunks of flesh


   Skills:
 + Level 3.4 Fighting
 * Level 3.4 Long Blades
 + Level 2.2 Armour
 + Level 2.3 Dodging


You had 2 spell levels left.
You didn't know any spells.

Dungeon Overview and Level Annotations

Branches:
Dungeon (2/15)

Altars:
Elyvilon
Okawaru
Qazlal
The Shining One

Annotations:
D:2 Sigmund


Innate Abilities, Weirdness & Mutations

Your flesh is heat resistant. (rF+)


Message History

Sigmund screams, "Die, monster!"
Sigmund hits you from afar with a scythe of venom!
You are poisoned.
You feel sick.
Sigmund gestures wildly while chanting.
Sigmund flickers and vanishes!
Deactivating autopickup; reactivate with Ctrl-A.
You bump into the rock wall.
You feel sick.
You bump into the rock wall.
You feel sick.
You hear some strange, mumbled words.
You are more confused.
You bump into the rock wall.
Something hits you.
You are lethally poisoned!
You're too confused!
You feel sick.
You bump into the rock wall.
You feel sick.
You bump into the rock wall.
You feel sick. Something hits you!
* * * LOW HITPOINT WARNING * * *
You are more poisoned.
You die...

.# ##...##....# #.
##..........# # #.##
##..........##
#.###..####.........####
#........'.........'÷÷.
##....####....##P#..###
#.#...# ##..##..##.# # #
###.# ##.P_..P#.#
##.###@# ###.PP.#.#
#......##### #_.⌠.'.#
#..........# #....###
....###.....##P_...# ##.
#...##..#.P#..##### #
#....#..#..###P...#
(..._..............##
#..#....#....(......l.
#..##...#......K..l.##


There were no monsters in sight!

Vanquished Creatures
  An adder (D:2)
  An ooze (D:2)
  A worm (D:2)
  2 leopard geckos
  3 giant cockroaches
  4 goblins
  5 hobgoblins
  6 jackals
  A ball python (D:1)
  4 bats
  A frilled lizard (D:2)
  4 kobolds (D:1)
  10 rats
43 creatures vanquished.

Notes
Turn   | Place    | Note
-------+----------+-------------------------------------------
     0 | D:1      | MatthieuS the Demonspawn Berserker began the quest for the Orb.
     0 | D:1      | Reached XP level 1. HP: 18/18 MP: 1/1
   246 | D:1      | Gained mutation: Your flesh is heat resistant. (rF+) [demonic ancestry]
   246 | D:1      | Reached XP level 2. HP: 17/24 MP: 2/2
   530 | D:1      | Reached ** piety under Trog
   817 | D:1      | Reached XP level 3. HP: 29/29 MP: 3/3
  1082 | D:2      | Found a glowing golden altar of the Shining One.
  1087 | D:2      | Found a stormy altar of Qazlal.
  1109 | D:2      | Found an iron altar of Okawaru.
  1111 | D:2      | Noticed Sigmund
  1672 | D:2      | Found a white marble altar of Elyvilon.
  1691 | D:2      | HP: 1/29 [something (8)]
  1692 | D:2      | Succumbed to Sigmund's poison

Vault maps used:
D:1:      dpeg_arrival_stonehenge_12_columns
D:2:      gammafunk_temple_overflow_forgotten, nicolae_overflow_crystal_walls,
          minmay_pentomino_w4, uniq_sigmund

Skill      XL: |  1  2 |
---------------+-------+-----
Armour         | 2 |  2.2
Dodging        | 2 |  2.3
Long Blades    | 3 |  3.4
Fighting       | |  3.4

Action                   || total
-------------------------++-------
Melee: Falchion          ||   105
Invok: Berserk           ||     4
  Use: Potion            ||     3
       Scroll            ||     1
  Eat: Chunk             ||     3
       Ration            ||     1
Armor: Animal skin       ||    21
Dodge: Dodged            ||    71
       Rpst.: Falchion   ||    20

Table legend:
 A = Spawn XP
 B = Non-spawn XP
 C = Spawn XP percentage of total XP
 D = Spawn monster count
 E = Non-spawn monster count
 F = Spawn count percentage of total count
 G = Total turns spent on level
                    A         B        C        D         E        F      G
               +---------+---------+-------+---------+---------+-------+---------
         Total |       0 |      90 |   0.0 |       0 |      43 |   0.0 |  1692
               +---------+---------+-------+---------+---------+-------+---------
           D:1 |       0 |      50 |   0.0 |       0 |      31 |   0.0 |  1456
           D:2 |       0 |      40 |   0.0 |       0 |      12 |   0.0 |   236
               +---------+---------+-------+---------+---------+-------+---------
